Map: [ESL] Cosmic Sapphire

Players

Neeb - Winner!

  • Race: Protoss Protoss
  • Spawn Location: 11:00

Namshar

  • Race: Zerg Zerg
  • Spawn Location: 5:00

Event: DreamHack SC2 Masters 2022 Atlanta (Online)

VOD

Have the link to the VOD?

Description

Time

  • Played on: Oct. 7, 2022, 3:31 p.m.
  • Length: 7:25

All games in this series

Show
View Real Time Build Order
Export as new Build Order

Neeb Protoss - Winner!

Build Orders: 1 Gate Expand, Oracle Opening, Zealot Archon, Archon Drop 

Get SALT Encoding   

  12  0:00  Probe  
  13  0:12  Probe  
  14  0:17  Pylon  
  14  0:24  Probe (Chrono Boost)  
  15  0:36  Probe (Chrono Boost)  
  15  0:38  Gateway  
  16  0:44  Probe (Chrono Boost)  
  16  0:46  Assimilator  
  17  0:51  Probe  
  18  1:03  Probe  
  19  1:15  Probe  
  20  1:23  Nexus  
  20  1:32  Cybernetics Core  
  20  1:35  Probe  
  21  1:40  Assimilator  
  22  1:47  Probe  
  22  1:49  Pylon  
  22  1:59  Probe (Chrono Boost)  
  23  2:05  Adept (Chrono Boost)  
  26  2:08  Probe (Chrono Boost)  
  26  2:13  Probe (Chrono Boost)  
  27  2:20  Stargate  
  27  2:25  Probe  
  27  2:27  Adept (Chrono Boost)  
  30  2:34  Warp Gate  
  30  2:35  Probe  
  31  2:37  Probe  
  32  2:47  Probe  
  32  2:48  Adept (Chrono Boost)  
  32  2:49  Probe  
  36  2:58  Pylon  
  36  2:59  Probe  
  36  3:01  Probe  
  36  3:04  Oracle (Chrono Boost)  
  38  3:11  Probe  
  42  3:14  Probe  
  43  3:23  Probe  
  43  3:26  Probe  
  45  3:32  Adept  
  43  3:35  Probe  
  43  3:36  Oracle (Chrono Boost)  
  43  3:38  Probe  
  48  3:44  Nexus  
  48  3:47  Probe, Pylon  
  49  3:51  Probe  
  49  3:52  Assimilator  
  49  3:54  Assimilator  
  50  4:00  Probe  
  50  4:01  Pylon  
  51  4:03  Probe  
  52  4:12  Probe  
  52  4:15  Robotics Facility, Probe  
  54  4:18  Twilight Council  
  54  4:22  Stalker  
  54  4:24  Probe  
  57  4:26  Gateway  
  57  4:28  Probe  
  58  4:33  Shield Battery  
  58  4:36  Probe  
  59  4:40  Probe  
  60  4:47  Gateway  
  60  4:48  Probe  
  60  4:51  Gateway  
  60  4:52  Probe  
  62  4:58  Probe  
  62  4:59  Warp Prism (Chrono Boost), Templar Archives  
  63  5:00  Probe  
  63  5:06  Probe  
  67  5:10  Probe  
  67  5:12  Probe  
  69  5:19  Probe  
  70  5:22  Charge (Chrono Boost), Probe  
  70  5:24  Gateway, Probe  
  70  5:25  Gateway  
  70  5:28  Pylon  
  72  5:31  Probe  
  72  5:33  Pylon  
  72  5:34  Probe  
  72  5:35  Pylon  
  74  5:39  Probe  
  74  5:42  Assimilator  
  75  5:43  Probe  
  75  5:45  High Templar x2  
  75  5:46  Assimilator, High Templar x2  
  75  5:47  Probe  
  75  5:49  Archon x2  
  85  5:52  Pylon  
  85  5:55  Probe, Gateway  
  85  5:56  Observer  
  87  5:59  Forge  
  87  6:05  Pylon  
  87  6:07  Probe  
  87  6:09  Pylon  
  88  6:19  Zealot x5  
  88  6:22  Zealot  
  100  6:30  Nexus  
  97  6:33  Pylon  
  95  6:40  Zealot x5  
  95  6:43  Zealot  
  105  6:49  Robotics Bay  
  105  6:50  Probe  
  106  7:00  Zealot x4  
  106  7:01  Zealot  
  114  7:07  Probe  
  114  7:08  Probe x2  
  111  7:10  Shield Battery  
Show
View Real Time Build Order
Export as new Build Order

Namshar Zerg 

Build Orders: Hatch First 

Get SALT Encoding   

  12  0:00  Drone  
  13  0:12  Overlord  
  13  0:16  Drone  
  14  0:30  Drone x2  
  16  0:46  Hatchery  
  15  0:50  Drone  
  15  0:53  Drone  
  15  0:57  Drone  
  18  1:07  Extractor  
  17  1:12  Spawning Pool  
  17  1:16  Drone  
  17  1:19  Drone  
  18  1:27  Drone  
  19  1:39  Drone  
  20  1:50  Drone  
  21  1:59  Queen x2  
  21  2:00  Zergling x2, Overlord  
  26  2:09  Drone  
  26  2:10  Drone  
  26  2:13  Metabolic Boost  
  28  2:20  Drone  
  28  2:21  Drone  
  30  2:33  Hatchery  
  30  2:34  Drone  
  30  2:38  Zergling x2  
  30  2:43  Drone, Overlord  
  32  2:49  Queen  
  34  2:56  Overlord  
  34  2:57  Zergling x2  
  35  3:05  Zergling x4  
  37  3:07  Drone  
  37  3:08  Drone x3  
  37  3:10  Drone  
  41  3:25  Drone x3  
  42  3:29  Drone x2  
  42  3:32  Spore Crawler  
  42  3:41  Drone x2  
  42  3:44  Queen  
  42  3:47  Spore Crawler  
  45  3:51  Overlord  
  45  3:53  Drone  
  45  3:54  Drone  
  47  4:00  Drone x3  
  50  4:05  Drone x3  
  51  4:10  Drone  
  51  4:17  Drone x3, Overlord x2  
  53  4:18  Drone  
  53  4:20  Queen  
  58  4:24  Overlord  
  58  4:27  Extractor  
  58  4:29  Extractor  
  56  4:33  Drone x5  
  61  4:43  Drone x2  
  63  4:47  Drone x6  
  69  4:54  Roach Warren  
  69  4:56  Zergling x8  
  72  5:05  Lair  
  72  5:07  Drone x5  
  77  5:16  Drone x5  
  79  5:23  Spore Crawler  
  78  5:29  Evolution Chamber  
  78  5:32  Overlord x4  
  77  5:41  Overlord x3  
  77  5:43  Roach x2  
  77  5:49  Extractor  
  80  5:50  Extractor  
  80  5:51  Drone, Extractor  
  80  5:52  Roach  
  80  5:53  Roach x3  
  87  6:00  Overlord  
  87  6:01  Glial Reconstitution  
  87  6:04  Queen  
  87  6:06  Drone x2  
  87  6:07  Drone  
  87  6:08  Drone x3  
  87  6:09  Drone  
  96  6:12  Roach  
  96  6:16  Overlord  
  97  6:25  Roach x2  
  95  6:27  Roach  
  87  6:34  Roach  
  87  6:35  Roach x6  
  96  6:43  Roach  
  96  6:44  Roach x2  
  96  6:46  Ravager  
  97  6:49  Roach x2  
  97  6:51  Ravager  
  96  6:57  Ravager  
  96  7:00  Roach  
  96  7:06  Overlord x5  
Tags
 
Add a new tag
Caveats
  • Supply blocks, unpowered buildings, or Contaminate may cause inaccurate times.
  • Supply counts are checked every 10 seconds.